 Dungeon Crawl Stone Soup version 0.21.1-1-g345015f (webtiles) character file.

45294 sking99 the Severer (level 14, -11/111 HPs)
             Began as a Minotaur Fighter on July 1, 2018.
             Was a High Priest of Ru.
             Mangled by Kirke
             ... wielding a +0 rapier
              (17 damage)
             ... on level 4 of the Lair of Beasts.
             The game lasted 00:44:55 (16710 turns).

sking99 the Severer (Minotaur Fighter)             Turns: 16710, Time: 00:44:56

Health: -11/111    AC:  0    Str: 21    XL:     14   Next: 0%
Magic:  9/17       EV: 18    Int:  5    God:    Ru [*****.]
Gold:   427        SH:  0    Dex: 15    Spells: 13/13 levels left

rFire    . . .     SeeInvis .   (weapon currently unavailable)
rCold    . . .     Gourm    +   (shield currently unavailable)
rNeg     . . .     Faith    .   (armour currently unavailable)
rPois    .         Spirit   .   (helmet currently unavailable)
rElec    .         Reflect  .   (cloak currently unavailable)
rCorr    .         Harm     .   (gloves currently unavailable)
MR       +....                  (boots currently unavailable)
Stlth    +.........             U - amulet of the gourmand
HPRegen  0.28/turn              (ring currently unavailable)
MPRegen  0.15/turn              (ring currently unavailable)

@: exhausted, pig-form, no scrolls, slowed, heavily drained
A: small, (retaliatory headbutt), frail 1, screaming 1, inability to read while
threatened, no conjurations magic, no fire magic, no hexes magic, missing an eye
a: Draw Out Power, Power Leap, Apocalypse, Renounce Religion


You were on level 4 of the Lair of Beasts.
You worshipped Ru.
Ru was extremely pleased with you.
You were very full.
You were a filthy swine.
You visited 3 branches of the dungeon, and saw 16 of its levels.
You also visited: Volcano.

You collected 731 gold pieces.
You spent 304 gold pieces at shops.

Inventory:

Hand Weapons
 a - a +3 dire flail
 b - a +3 battleaxe of freezing (melded)
Missiles
 I - 2 throwing nets (quivered)
Armour
 D - a +1 pair of boots (melded)
 J - a +0 pair of gloves (melded)
 O - a +1 cloak (melded)
 X - a +3 plate armour of fire resistance (melded)
Jewellery
 i - a +4 ring of dexterity
 k - an uncursed amulet of harm
 y - a ring of protection from fire (melded)
 A - a +3 ring of strength
 B - a +3 ring of protection (melded)
 E - a +3 ring of slaying
 G - a cursed ring of loudness {unknown}
 L - an uncursed ring of protection from fire
 U - an amulet of the gourmand (around neck)
Wands
 c - a wand of iceblast (6)
 o - a wand of paralysis (14)
 w - a wand of acid (5)
 C - a wand of polymorph (12)
 K - a wand of scattershot (5)
 N - a wand of flame (23)
 P - a wand of digging (12)
Scrolls
 e - a scroll of enchant weapon
 g - 10 scrolls of teleportation
 h - 2 scrolls of fog
 l - 8 scrolls of remove curse
 q - 3 scrolls of enchant armour
 s - 2 scrolls of identify
 F - 6 scrolls of immolation
 M - a scroll of magic mapping
 T - 2 scrolls of fear
 V - a scroll of amnesia
 W - a scroll of noise {unknown}
Potions
 d - a potion of might
 j - 2 potions of haste
 p - 3 potions of agility
 r - 3 potions of flight {unknown}
 t - a potion of ambrosia
 u - 2 potions of heal wounds {unknown}
 v - 2 potions of berserk rage {unknown}
 x - a potion of magic {unknown}
 z - 4 potions of brilliance
 H - a potion of experience
 R - a potion of mutation {unknown}
 Y - a potion of resistance {unknown}
Books
 m - the Papyrus of Evil Arts
   (You found it on level 3 of the Lair of Beasts)

   Spells                             Type                      Level
   a - Vampiric Draining              Necromancy                   3
   b - Animate Dead                   Necromancy                   4
Comestibles
 f - 27 rations


   Skills:
 - Level 11.6(10.1) Fighting
 * Level 19.7(17.9) Axes
 + Level 8.9(7.5) Armour
 - Level 6.5(5.2) Dodging
   Level 3.7(2.5) Shields
 + Level 5.9(4.6) Evocations


You had 13 spell levels left.
You didn't know any spells.

Dungeon Overview and Level Annotations

Branches:
Dungeon (11/15)            Temple (1/1) D:4            Lair (4/6) D:10
  Swamp (0/4) Lair:4        Snake (0/4) Lair:2          Orc (0/2) D:10

Altars:
Ashenzari
Cheibriados
Dithmenos
Elyvilon
Fedhas
Gozag
Hepliaklqana
Kikubaaqudgha
Makhleb
Nemelex Xobeh
Okawaru
Qazlal
Ru
Sif Muna
Trog
Uskayaw
Vehumet
Wu Jian
Xom
Yredelemnul
Zin
The Shining One

Shops:
D:6 (   D:11 ([[

Annotations:
Lair:1 exclusion: oklob plant
Lair:4 Kirke


Innate Abilities, Weirdness & Mutations

((You reflexively headbutt those who attack you in melee.))
((You have a pair of horns on your head.))
You are frail. (-10% HP)
You occasionally shout uncontrollably at your foes.
You cannot read scrolls while threatened.
You cannot study or cast Conjurations magic.
You cannot study or cast Fire magic.
You cannot study or cast Hexes magic.
You are missing an eye, making it more difficult to aim.


Message History

The queen bee calls on the killer bee to defend it!
The killer bee shakes off its lethargy.
The killer bee goes berserk!
The queen bee calls on the killer bee to defend it!
The killer bee goes berserk!
The killer bee completely misses you. The killer bee misses you.
You feel better.
You can read scrolls again.
The killer bee is stunned by your will and fails to attack.
The killer bee closely misses you.
You redirect the killer bee's attack!
The killer bee misses something.
The killer bee closely misses you. The killer bee misses you.
The killer bee buzzes angrily.
The killer bee misses you. The killer bee barely misses you.
The queen bee begins to attack, but is stunned by your will!
The killer bee stings you!
You feel threatened and lose the ability to read scrolls!
* * * LOW HITPOINT WARNING * * *
Something hits you!
You die...

.## ####†............... ..##
#................ ...#
##............... ...##
##.............. ....##
##.#..........## .....###
####..........## .. .......#
#.#.y.......## #.. ......##
###y.y..)..... ###<.. ......#####
#...hy.......# .§.... ......#...#
#..........§.##.§....
##....)÷).###....).......§§§§....
#.........#...........§§.§§.....
#.....................§..§§.....
#..................<..§.#§......
###.............................
##...........................#
#.#.#.#...................#.##


You could see a queen bee and 3 killer bees.

Vanquished Creatures
  Harold (Lair:1)
  2 hydras
  4 two-headed ogres
  A hell hog (Volcano)
  Nergalle (D:10)
  The ghost of Tiareth the Magician, a novice DrWz of Sif Muna (D:7)
  Pikel (D:7)
  A swamp dragon (Lair:4)
  4 salamanders (Volcano)
  Maurice (D:8)
  3 elephants (Lair:3)
  Joseph (D:8)
  A black mamba (Lair:2)
  8 spiny frogs
  5 komodo dragons
  The ghost of nightchill the Firebug, an amateur DrFE of Vehumet (D:5)
  3 meliai (Lair:4)
  4 hippogriffs
  A wraith (D:11)
  6 hogs (Lair:4)
  2 fire bats (Volcano)
  2 basilisks
  21 yaks
  A soldier ant (D:11)
  2 hell hounds (Lair:3)
  7 water moccasins
  5 orc warriors
  7 porcupines
  A sky beast (D:7)
  2 black bears (D:10)
  2 slaves
  3 ice beasts
  A necrophage (D:10)
  3 phantoms
  6 ogres
  A centaur (D:9)
  7 crocodiles
  A big kobold (D:10)
  4 bullfrogs
  Blork the orc (D:4)
  2 gnoll sergeants
  5 scorpions
  A water moccasin skeleton (D:6)
  10 killer bees
  4 wights (D:9)
  4 crimson imps
  2 centaur zombies
  4 hounds
  2 quasits
  A bullfrog zombie (D:10)
  A centaur skeleton (D:10)
  4 orc wizards
  2 orc priests
  A bullfrog skeleton (D:7)
  Jessica (D:2)
  5 iguanas
  6 worker ants
  3 hound skeletons
  A worker ant zombie (D:9)
  8 gnolls
  A howler monkey skeleton (D:4)
  13 adders
  2 shadow imps
  An adder skeleton (D:4)
  5 worms
  7 leopard geckos
  30 orcs
  A ball python (D:2)
  7 bats
  3 giant cockroaches
  4 goblins
  11 hobgoblins
  4 jackals
  9 kobolds
  3 quokkas
  7 frilled lizards
  18 rats
  A fungus (Lair:4)
  3 plants
326 creatures vanquished.

Vanquished Creatures (others)
  A slave (D:7)
  A centaur (Volcano)
  A crocodile (Lair:1)
  An adder (D:7)
  A fungus (Lair:3)
  5 plants (D:10)
10 creatures vanquished.

Grand Total: 336 creatures vanquished

Notes
Turn   | Place    | Note
-------+----------+-------------------------------------------
     0 | D:1      | sking99 the Minotaur Fighter began the quest for the Orb.
     0 | D:1      | Reached XP level 1. HP: 19/19 MP: 0/0
    55 | D:1      | Reached XP level 2. HP: 27/27 MP: 1/1
   217 | D:1      | Reached skill level 3 in Axes
   958 | D:2      | Noticed Jessica
   969 | D:2      | Killed Jessica
   969 | D:2      | Reached XP level 3. HP: 34/34 MP: 2/2
  1117 | D:2      | Reached skill level 4 in Axes
  1283 | D:2      | Reached XP level 4. HP: 41/41 MP: 3/3
  1502 | D:2      | Found a snail-covered altar of Cheibriados.
  2133 | D:3      | Reached skill level 5 in Axes
  2141 | D:3      | Found a sparkling altar of Nemelex Xobeh.
  2181 | D:3      | Reached skill level 5 in Fighting
  2181 | D:3      | Reached XP level 5. HP: 40/48 MP: 4/4
  2871 | D:4      | Found a sacrificial altar of Ru.
  2879 | D:4      | Became a worshipper of Ru the Awakened
  2940 | D:4      | Noticed an ogre
  2947 | D:4      | Killed an ogre
  2947 | D:4      | Reached skill level 6 in Axes
  2947 | D:4      | Reached XP level 6. HP: 36/56 MP: 5/5
  3112 | D:4      | Noticed Blork the orc
  3140 | D:4      | Killed Blork the orc
  3431 | D:4      | Found a staircase to the Ecumenical Temple.
  3442 | Temple   | Entered the Ecumenical Temple
  3720 | D:4      | Reached skill level 7 in Axes
  4329 | D:5      | Entered Level 5 of the Dungeon
  4349 | D:5      | Reached XP level 7. HP: 59/63 MP: 6/6
  4554 | D:5      | Gained mutation: You cannot study or cast Fire magic. [Ru sacrifice]
  4554 | D:5      | Gained mutation: You cannot study or cast Hexes magic. [Ru sacrifice]
  4554 | D:5      | Gained mutation: You cannot study or cast Conjurations magic. [Ru sacrifice]
  4554 | D:5      | Reached * piety under Ru
  4622 | D:5      | Reached skill level 8 in Axes
  4798 | D:5      | Noticed nightchill's ghost (amateur DrFE)
  4886 | D:5      | Killed nightchill's ghost
  4892 | D:5      | Reached skill level 9 in Axes
  5393 | D:5      | Found a burning altar of Makhleb.
  5400 | D:5      | Reached XP level 8. HP: 67/73 MP: 7/7
  5585 | D:6      | Found a hazy altar of Hepliaklqana.
  5727 | D:6      | Found Vupuiful's Antique Weapon Shop.
  5839 | D:6      | Reached skill level 10 in Axes
  6139 | D:6      | Found a deep blue altar of Sif Muna.
  6572 | D:7      | Noticed Pikel
  6589 | D:6      | Reached skill level 11 in Axes
  6658 | D:7      | Killed Pikel
  6658 | D:7      | Reached XP level 9. HP: 83/83 MP: 8/8
  6857 | D:7      | Reached skill level 12 in Axes
  6978 | D:7      | Noticed Tiareth's ghost (novice DrWz)
  7117 | D:7      | Killed Tiareth's ghost
  7117 | D:7      | Reached skill level 10 in Fighting
  7666 | D:7      | Gained mutation: You are missing an eye, making it more difficult to aim. [Ru sacrifice]
  7666 | D:7      | Reached ** piety under Ru
  7932 | D:8      | Noticed Joseph
  7945 | D:8      | Killed Joseph
  7945 | D:8      | Reached skill level 13 in Axes
  8063 | D:8      | Noticed a two-headed ogre
  8067 | D:8      | Killed a two-headed ogre
  8067 | D:8      | Reached XP level 10. HP: 94/94 MP: 9/9
  8153 | D:8      | Noticed Maurice
  8210 | D:8      | Killed Maurice
  8527 | D:8      | Noticed a hand axe
  8528 | D:8      | Found a hide-covered altar of Uskayaw.
  8528 | D:8      | Noticed a hand axe
  8549 | D:8      | Reached skill level 14 in Axes
  9123 | D:9      | Noticed a two-headed ogre
  9125 | D:9      | Noticed a two-headed ogre
  9146 | D:8      | Killed a two-headed ogre
  9329 | D:9      | Killed a two-headed ogre
  9639 | D:9      | Reached skill level 15 in Axes
  9957 | D:9      | Found a white marble altar of Elyvilon.
 10131 | D:9      | Found a blossoming altar of Fedhas.
 10153 | D:9      | Reached skill level 1 in Dodging
 10463 | D:10     | Entered Level 10 of the Dungeon
 10853 | D:10     | Gained mutation: You cannot read scrolls while threatened. [Ru sacrifice]
 10853 | D:10     | Reached *** piety under Ru
 10891 | D:10     | Found a staircase to the Lair.
 10930 | D:10     | Noticed Nergalle
 10956 | D:10     | Killed Nergalle
 10956 | D:10     | Reached XP level 11. HP: 76/103 MP: 10/10
 11258 | D:10     | Reached skill level 16 in Axes
 11575 | D:10     | Found a staircase to the Orcish Mines.
 11914 | D:11     | Found Sosur's Armour Boutique.
 12017 | D:11     | Found Asiun's Antique Weapon Emporium.
 12051 | D:11     | Bought a runed battleaxe for 304 gold pieces
 12117 | D:11     | Found Reulugon's Antique Armour Shop.
 12443 | Lair:1   | Entered Level 1 of the Lair of Beasts
 12448 | Lair:1   | Noticed a seven-headed hydra
 12458 | Lair:1   | Killed a seven-headed hydra
 12458 | Lair:1   | Reached skill level 5 in Dodging
 12611 | Lair:1   | Gained mutation: You are frail. (-10% HP) [Ru sacrifice]
 12611 | Lair:1   | Reached **** piety under Ru
 12611 | Lair:1   | Reached ***** piety under Ru
 12869 | Lair:1   | Found a shadowy altar of Dithmenos.
 12902 | Lair:1   | Reached skill level 17 in Axes
 12927 | Lair:1   | Noticed Harold
 12946 | Lair:1   | Killed Harold
 13321 | Lair:1   | Noticed an oklob plant
 13884 | Lair:2   | Reached skill level 1 in Evocations
 13982 | Lair:2   | Found a staircase to the Snake Pit.
 14261 | Lair:2   | Reached XP level 12. HP: 94/99 MP: 10/12
 14512 | Lair:3   | Found a dark tunnel.
 14524 | Volcano  | Entered a volcano
 14563 | Volcano  | Reached skill level 5 in Armour
 14568 | Volcano  | Noticed a two-headed ogre
 14569 | Volcano  | Killed a two-headed ogre
 14574 | Volcano  | Noticed a hell hog
 14577 | Volcano  | Killed a hell hog
 14577 | Volcano  | Reached skill level 18 in Axes
 14677 | Volcano  | Gained mutation: You occasionally shout uncontrollably at your foes. [Ru sacrifice]
 15219 | Lair:3   | Got a jewelled scythe
 15220 | Lair:3   | Identified the +3 scythe "Gasiloom" {vamp, rF+ rC+ Str+3} (You found it on level 3 of the Lair of Beasts)
 15516 | Lair:3   | Noticed a four-headed hydra
 15524 | Lair:3   | Killed a four-headed hydra
 15741 | Lair:3   | Identified the Papyrus of Evil Arts
 16118 | Lair:4   | Found a staircase to the Swamp.
 16239 | Lair:4   | Noticed Kirke
 16266 | Lair:4   | Reached skill level 19 in Axes
 16635 | Lair:4   | Found a white marble altar of Elyvilon.
 16696 | Lair:4   | Reached skill level 5 in Evocations
 16696 | Lair:4   | Reached XP level 13. HP: 56/104 MP: 15/15
 16703 | Lair:4   | Reached XP level 14. HP: 61/111 MP: 8/17
 16710 | Lair:4   | Mangled by Kirke

Skill      XL: |  1  2  3  4  5  6  7  8  9 10 11 12 13 |
---------------+----------------------------------------+-----
Fighting       | 4 5 6 7 9 10 11 | 11.6
Axes           | 3 4 5 6 7 9 11 13 15 17 19 | 19.7
Dodging        | 2 6 |  6.5
Armour         | 4 7 8 |  8.9
Evocations     | 1 5 |  5.9
Shields        | |  3.7

Action                   |  1- 3 |  4- 6 |  7- 9 | 10-12 | 13-15 || total
-------------------------+-------+-------+-------+-------+-------++-------
Melee: War axe           |    66 |   163 |   254 |    73 |       ||   556
       Headbutt          |     8 |    30 |    47 |   119 |       ||   204
       Battleaxe         |       |       |       |   438 |       ||   438
       Broad axe         |       |       |       |    17 |       ||    17
       Dire flail        |       |       |       |    13 |       ||    13
       Unarmed           |       |       |       |       |     1 ||     1
Throw: Stone             |    21 |    11 |     5 |       |       ||    37
       Throwing net      |       |       |       |     1 |       ||     1
Invok: Sacrifice Arcana  |       |       |     1 |       |       ||     1
       Sacrifice an Eye  |       |       |     1 |       |       ||     1
       Sacrifice Words   |       |       |       |     1 |       ||     1
       Sacrifice Health  |       |       |       |     1 |       ||     1
       Apocalypse        |       |       |       |     1 |     1 ||     2
       Draw Out Power    |       |       |       |     1 |       ||     1
       Power Leap        |       |       |       |     1 |       ||     1
       Sacrifice Purity  |       |       |       |     1 |       ||     1
  Use: Scroll            |       |       |     7 |    15 |       ||    22
       Potion            |       |       |     3 |     9 |     4 ||    16
 Stab: Invisible         |       |       |     1 |     7 |       ||     8
       Distracted        |       |       |       |     3 |       ||     3
  Eat: Chunk             |     1 |     9 |     9 |    29 |       ||    48
       Ration            |       |       |     1 |     2 |       ||     3
Armor: Scale mail        |    24 |    10 |       |       |       ||    34
       Chain mail        |       |    52 |   108 |    87 |       ||   247
       Plate armour      |       |       |       |   247 |       ||   247
Dodge: Dodged            |    17 |    32 |    40 |   181 |    23 ||   293
Block: Shield            |    30 |    79 |    84 |    29 |       ||   222
